[Event "Titled Tuesday Blitz October 12 2021"]
[White "Shipov, Sergei"]
[Black "Milchev, Nikolay"]
[WhiteFideId "4113624"]
[BlackFideId "2906090"]
[WhiteElo "2820"]
[BlackElo "2449"]
[Result "1-0"]
[Round "09"]
[TimeControl "180+1"]
[Date "2021.10.12"]
[WhiteClock "0:00:16"]
[BlackClock "0:01:00"]

1. d4 Nf6 2. c4 g6 3. Nc3 Bg7 4. e4 O-O 5. Be2 d6 6. g4 c5 7. g5 Nfd7 8. d5 b5 9. Nxb5 Ba6 10. a4 Nb6 11. h4 Bxb5 12. axb5 a6 13. h5 axb5 14. Rxa8 Nxa8 15. cxb5 Nd7 16. hxg6 hxg6 17. Qd3 Re8 18. Bd2 Qb6 19. Bc3 Ne5 20. Qh3 Nc7 21. f4 Nxb5 22. Bxb5 Qxb5 23. fxe5 dxe5 24. Kf2 Ra8 25. Nf3 Qd3 26. Nxe5 Qxe4 27. Qf3 Qc2+ 28. Kg3 Rf8 29. Ng4 Bxc3 30. Qxc3 Qxc3+ 31. bxc3 Rb8 32. Rf1 Kg7 33. Ne5 f6 34. gxf6+ exf6 35. Rxf6 Rb3 36. Rf3 Rb1 37. d6 Rd1 38. Rd3 Rxd3+ 39. Nxd3 c4 40. d7 Kf6 41. d8=Q+ Ke6 42. Nc5+ Ke5 43. Qd4+ Kf5 44. Qf4# 1-0


[Site "https://www.chess.com"]

[Event "Titled Tuesday Blitz October 12 2021"]
[White "Solon, Nathan"]
[Black "Solomon, Kenny"]
[WhiteFideId "2017229"]
[BlackFideId "14300192"]
[WhiteElo "2676"]
[BlackElo "2415"]
[Result "1-0"]
[Round "09"]
[TimeControl "180+1"]
[Date "2021.10.12"]
[WhiteClock "0:00:14"]
[BlackClock "0:00:12"]

1. d4 Nf6 2. Bg5 d5 3. e3 c5 4. Bxf6 gxf6 5. dxc5 e5 6. c4 dxc4 7. Qxd8+ Kxd8 8. Bxc4 Bxc5 9. Bxf7 Ke7 10. Bb3 Nc6 11. Nc3 Nb4 12. Ke2 Bf5 13. e4 Bg4+ 14. f3 Be6 15. Bxe6 Kxe6 16. Rc1 Bd4 17. Nh3 Rhg8 18. g3 a6 19. f4 Rac8 20. f5+ Kf7 21. Nd5 Nxa2 22. Rxc8 Rxc8 23. Kd3 Nc1+ 24. Kd2 Nb3+ 25. Kd3 Nc5+ 26. Ke2 Nxe4 27. Kd3 Nc5+ 28. Ke2 Nb3 29. Kd3 Bxb2 30. Rb1 Nc5+ 31. Ke2 Bd4 32. Nf2 Bxf2 33. Kxf2 Rd8 34. Ne3 Rd2+ 35. Kf3 Ke7 36. Rb6 Rd6 37. Rb1 b5 38. Rc1 Nd7 39. Rc7 Kd8 40. Ra7 Rb6 41. Nd5 Rb8 42. Nb4 Rc8 43. Rxa6 Ke7 44. Nd5+ Kf7 45. Rd6 Ke8 46. Nxf6+ Nxf6 47. Rxf6 Kd7 48. Rb6 Rc5 49. Ke4 Ke7 50. g4 Kf7 51. g5 Kg7 52. Rb7+ Kg8 53. f6 Kf8 54. h4 Kg8 55. Kf5 e4+ 56. Kxe4 Rc4+ 57. Kf5 Rxh4 58. Rb8+ Kf7 59. Rb7+ Kf8 60. Rxb5 Rh1 61. Rb8+ Kf7 62. Rb7+ Kf8 63. Ra7 Rf1+ 64. Kg4 Re1 65. Rxh7 Rg1+ 66. Kf5 Kg8 67. Rg7+ Kf8 68. Kg6 Rh1 69. Ra7 Ke8 70. Ra8+ Kd7 71. f7 Rf1 72. f8=Q Rxf8 73. Rxf8 Ke7 74. Rf6 Kd7 75. Kf5 Ke7 76. g6 Kd7 77. g7 Ke7 78. g8=Q Kd7 79. Qg7+ Ke8 80. Rf8# 1-0


[Site "https://www.chess.com"]

[Event "Titled Tuesday Blitz October 12 2021"]
[White "Terry, Renato"]
[Black "Bluebaum, Matthias"]
[WhiteFideId "3803457"]
[BlackFideId "24651516"]
[WhiteElo "2577"]
[BlackElo "2681"]
[Result "0-1"]
[Round "09"]
[TimeControl "180+1"]
[Date "2021.10.12"]
[WhiteClock "0:00:01"]
[BlackClock "0:00:16"]

1. d4 Nf6 2. Bg5 d5 3. Bxf6 gxf6 4. e3 c5 5. c3 Nc6 6. Nf3 Qb6 7. Qb3 c4 8. Qc2 Bg4 9. Nbd2 e5 10. g3 Bh5 11. Nh4 Bg6 12. Nxg6 hxg6 13. Bg2 e4 14. b3 cxb3 15. Qxb3 Qxb3 16. axb3 f5 17. h4 Kd7 18. Ke2 Bd6 19. Ra2 a5 20. Rha1 b5 21. Kd1 Rhb8 22. Bf1 Ke6 23. Be2 f6 24. Nb1 g5 25. b4 a4 26. Na3 Na7 27. Kd2 f4 28. gxf4 gxf4 29. Rh1 f5 30. f3 Rb7 31. fxe4 dxe4 32. exf4 Bxf4+ 33. Kc2 Rc8 34. Raa1 Nc6 35. Kb2 Na7 36. Rag1 Bd2 37. Nb1 Be3 38. Rg6+ Kf7 39. h5 Rbc7 40. Rf1 f4 41. Rg4 Re7 42. Rgxf4+ Bxf4 43. Rxf4+ Kg7 44. Rf5 Rf8 45. Rg5+ Kh6 46. Rg6+ Kh7 47. Rg2 e3 48. Bd3+ Kh6 49. Rg6+ Kxh5 50. Rg1 Kh4 51. Kc1 Rf2 52. Re1 Kg3 53. Na3 Kf3 54. Nc2 Re8 55. d5 e2 56. Kd2 Nc8 57. Nd4+ Kf4 58. Bxb5 Re5 59. c4 Nd6 0-1


[Site "https://www.chess.com"]

[Event "Titled Tuesday Blitz October 12 2021"]
[White "Timmermans, Mark"]
[Black "Indjic, Aleksandar"]
[WhiteFideId "1026399"]
[BlackFideId "911925"]
[WhiteElo "2460"]
[BlackElo "2643"]
[Result "0-1"]
[Round "09"]
[TimeControl "180+1"]
[Date "2021.10.12"]
[WhiteClock "0:01:10"]
[BlackClock "0:01:34"]

1. b4 Nf6 2. Bb2 g6 3. c4 Bg7 4. a4 O-O 5. b5 d6 6. e3 e5 7. Nc3 Re8 8. Nf3 Nbd7 9. Be2 Nc5 10. d4 exd4 11. Nxd4 h5 12. a5 a6 13. Bf3 Bg4 14. O-O Qd7 15. h3 Bxf3 16. Qxf3 Nfe4 17. Nxe4 Nxe4 18. Rfd1 axb5 19. cxb5 Bxd4 20. Rxd4 Qxb5 21. Rb1 Qf5 22. Qxf5 gxf5 23. Rc1 Rxa5 24. Rxc7 Rb5 25. Rc2 Ra8 26. f3 Ng3 27. Rxd6 h4 28. Rh6 Rxb2 29. Rxb2 Ra1+ 0-1


[Site "https://www.chess.com"]

[Event "Titled Tuesday Blitz October 12 2021"]
[White "Tregubov, Pavel V."]
[Black "Erdogdu, Mert"]
[WhiteFideId "4115341"]
[BlackFideId "6301495"]
[WhiteElo "2423"]
[BlackElo "2485"]
[Result "1-0"]
[Round "09"]
[TimeControl "180+1"]
[Date "2021.10.12"]
[WhiteClock "0:00:24"]
[BlackClock "0:00:14"]

1. e4 c5 2. Nf3 d6 3. Bb5+ Nc6 4. O-O Bd7 5. h3 Nf6 6. Re1 Ne5 7. Bxd7+ Qxd7 8. c3 Nd3 9. Re3 c4 10. b3 b5 11. a4 Nc5 12. bxc4 bxc4 13. Na3 Nb3 14. Rb1 Nxc1 15. Qxc1 Qxa4 16. Rb4 Qd7 17. Nxc4 e6 18. Qb2 Be7 19. Rb7 Qd8 20. Qb5+ Kf8 21. Na5 a6 22. Qa4 Qc8 23. Re1 Bd8 24. Reb1 h6 25. e5 Ne8 26. Qf4 Bc7 27. c4 Kg8 28. Nc6 Kh7 29. Qe4+ g6 30. h4 Rg8 31. h5 Kh8 32. Qf4 Rg7 33. hxg6 fxg6 34. Qxh6+ Kg8 35. Qg5 a5 36. Ne7+ Rxe7 37. Qxe7 dxe5 38. Nxe5 Nd6 39. Rxc7 1-0


[Site "https://www.chess.com"]

[Event "Titled Tuesday Blitz October 12 2021"]
[White "Urazayev, Arystanbek"]
[Black "Holt, Conrad"]
[WhiteFideId "13709810"]
[BlackFideId "2034387"]
[WhiteElo "2321"]
[BlackElo "2586"]
[Result "0-1"]
[Round "09"]
[TimeControl "180+1"]
[Date "2021.10.12"]
[WhiteClock "0:00:10"]
[BlackClock "0:00:11"]

1. e4 e6 2. d4 d5 3. e5 c5 4. c3 Nc6 5. Nf3 Bd7 6. Bd3 cxd4 7. O-O dxc3 8. Nxc3 Nge7 9. Re1 Ng6 10. Bg5 Be7 11. Bxe7 Qxe7 12. g3 O-O 13. h4 f6 14. Bxg6 hxg6 15. Qd3 Qf7 16. Qd2 Rad8 17. Re2 d4 18. Ne4 Nxe5 19. Nxe5 fxe5 20. Ng5 Qf6 21. Rae1 Bc6 22. Rxe5 d3 23. f4 Rfe8 24. R1e3 Qf8 25. Rxd3 Rxd3 26. Qxd3 Qb4 27. b3 Qb6+ 28. Qe3 Qd8 29. Kh2 Qd1 30. Qe1 Qc2+ 31. Re2 Qd3 32. Qd2 Qb1 33. Re1 Qf5 34. b4 a6 35. a4 Bxa4 36. Re5 Qf6 37. Qd6 Bc6 38. Qd3 Rd8 39. Qe2 Re8 40. h5 gxh5 41. Qd3 g6 42. Nh3 Kg7 43. Ng5 Re7 44. Qe3 Re8 45. Nxe6+ Kg8 46. Ng5 Rxe5 47. fxe5 Qf5 48. e6 Qc2+ 49. Kh3 Qg2+ 50. Kh4 Qh1+ 51. Nh3 Bg2 52. e7 Qxh3+ 53. Kg5 Qf5+ 54. Kh6 Bc6 55. e8=Q+ Bxe8 56. Qxe8+ Qf8+ 57. Qxf8+ Kxf8 58. Kxg6 b6 59. Kf6 a5 60. bxa5 bxa5 61. Ke5 Kf7 62. Kd4 Kf6 63. Kc5 Kg5 64. Kb5 Kg4 65. Kxa5 Kxg3 0-1


[Site "https://www.chess.com"]

[Event "Titled Tuesday Blitz October 12 2021"]
[White "Vokhidov, Shamsiddin"]
[Black "Khusnutdinov, Rustam"]
[WhiteFideId "14204223"]
[BlackFideId "13701703"]
[WhiteElo "2616"]
[BlackElo "2571"]
[Result "1-0"]
[Round "09"]
[TimeControl "180+1"]
[Date "2021.10.12"]
[WhiteClock "0:00:09"]
[BlackClock "0:00:19"]

1. e4 e5 2. Nf3 Nf6 3. Nxe5 d6 4. Nf3 Nxe4 5. Nc3 Nxc3 6. dxc3 Be7 7. Bf4 O-O 8. Qd2 Nd7 9. O-O-O Nc5 10. Kb1 Bf6 11. Rg1 Ne4 12. Qe3 Re8 13. Qc1 Nxf2 14. Re1 Bf5 15. Be3 Ng4 16. Bd2 Qd7 17. h3 Rxe1 18. Bxe1 Ne5 19. Nd4 Bg6 20. Be2 Re8 21. Bf2 a6 22. Rd1 Nc6 23. Bg4 Qe7 24. Nxc6 bxc6 25. Re1 Qd8 26. Bf3 c5 27. Qd1 Qb8 28. Bc6 Re6 29. Rxe6 fxe6 30. Qe2 Bxc3 31. b3 Qc8 32. a4 Bf6 33. Qf3 Qb8 34. Bb7 a5 35. Be1 d5 36. Ba6 Qb6 37. Bd3 Bxd3 38. Qxd3 c4 39. Qf3 Qd4 40. Kc1 Bg5+ 41. Kb1 cxb3 42. cxb3 Bf6 43. Kc2 Qb2+ 44. Kd1 c5 45. Bxa5 c4 46. bxc4 Qa1+ 47. Ke2 Qxa4 48. Bd2 Qxc4+ 49. Ke1 Qd4 50. Be3 Qc3+ 51. Ke2 Qc2+ 52. Bd2 Kf7 53. Qh5+ Qg6 54. Qf3 Qf5 55. Qb3 Qe4+ 56. Kf1 Kg6 57. Qg3+ Kf7 58. Qb3 Bd4 59. Qb7+ Kg6 60. Qb3 Qf5+ 61. Ke2 Qf2+ 62. Kd1 Qxg2 63. Qd3+ Qe4 64. Qg3+ Kf7 65. Qc7+ Kg6 66. Qg3+ Kf5 67. Qg5# 1-0


[Site "https://www.chess.com"]

[Event "Titled Tuesday Blitz October 12 2021"]
[White "Wagner, Dennis"]
[Black "Dev, Shah"]
[WhiteFideId "24650684"]
[BlackFideId "35019058"]
[WhiteElo "2355"]
[BlackElo "2098"]
[Result "1-0"]
[Round "09"]
[TimeControl "180+1"]
[Date "2021.10.12"]
[WhiteClock "0:00:15"]
[BlackClock "0:01:17"]

1. e4 e5 2. Nf3 Nc6 3. Bb5 a6 4. Ba4 Nf6 5. O-O Nxe4 6. d4 b5 7. Bb3 d5 8. dxe5 Be6 9. c3 Bc5 10. Qe2 O-O 11. Be3 f6 12. Bxc5 Nxc5 13. Nbd2 Bf7 14. exf6 Re8 15. Qd1 Qxf6 16. Bc2 Rad8 17. Nb3 Nxb3 18. axb3 a5 19. Re1 b4 20. Rxe8+ Bxe8 21. Nd4 Nxd4 22. Qxd4 Qxd4 23. cxd4 Ra8 24. f3 Kf7 25. h4 g6 26. Kf2 Ke6 27. g4 Kd6 28. Ke3 c5 29. Bd3 Bf7 30. dxc5+ Kxc5 31. Rc1+ Kd6 32. Kd4 a4 33. bxa4 Rxa4 34. Bb5 Ra5 35. Rc6+ Kd7 36. Kc5 Ke7 37. Rc7+ Kf8 38. Kxb4 Ra2 39. b3 Rf2 40. Bc6 Rxf3 41. Kc5 Rxb3 42. Rxf7+ Kxf7 43. Bxd5+ Kf6 44. Bxb3 Ke5 45. g5 Kf4 46. Kd6 Kg3 47. Ke6 Kxh4 48. Kf6 Kg4 49. Bd1+ Kf4 50. Be2 Ke3 51. Bc4 Kf4 52. Bg8 h5 53. gxh6 g5 54. h7 g4 55. h8=Q g3 56. Qh6+ Kf3 57. Bd5+ Kf2 58. Qd2+ Kf1 59. Bg2+ Kg1 60. Bf3 Kf1 61. Qe2+ Kg1 62. Qg2# 1-0


[Site "https://www.chess.com"]

[Event "Titled Tuesday Blitz October 12 2021"]
[White "Weetik, Vjacheslav"]
[Black "Moroni, Luca Jr"]
[WhiteFideId "4153472"]
[BlackFideId "865834"]
[WhiteElo "2469"]
[BlackElo "2491"]
[Result "1-0"]
[Round "09"]
[TimeControl "180+1"]
[Date "2021.10.12"]
[WhiteClock "0:00:06"]
[BlackClock "0:00:01"]

1. d4 g6 2. e4 Bg7 3. Nc3 d6 4. Nf3 Nf6 5. Be2 O-O 6. O-O a6 7. h3 b5 8. e5 Nfd7 9. Bf4 Nb6 10. Re1 Bb7 11. Bf1 Nc6 12. a4 bxa4 13. Nxa4 Nxa4 14. Rxa4 Qd7 15. c3 Nd8 16. Ra1 a5 17. Bg3 a4 18. Bc4 Ne6 19. Qe2 d5 20. Bd3 c5 21. Qe3 cxd4 22. Nxd4 Ba6 23. Bc2 Bc4 24. Nxe6 fxe6 25. Ra3 Rfb8 26. Rea1 Rxb2 27. Bxa4 Qc8 28. Kh2 Rab8 29. h4 Rb1 30. Bd1 Rxa1 31. Rxa1 h5 32. Bf4 Qf8 33. g4 Qf7 34. Ra7 Rf8 35. Bg3 hxg4 36. Bxg4 Kh7 37. Qg5 Re8 38. h5 Bh6 39. hxg6+ Qxg6 40. Qxg6+ Kxg6 41. Bxe6 Bd2 42. f4 Bxc3 43. f5+ Kg5 44. Bf7 Rh8+ 45. Kg2 Bd3 46. Rxe7 Be4+ 47. Kf2 Bd4+ 48. Ke2 Kg4 49. Be1 Rh2+ 50. Kd1 Rb2 51. Bd2 Bf3+ 52. Kc1 Be4 53. Kd1 Kf3 54. Bh5+ Kf2 55. Rc7 1-0


[Site "https://www.chess.com"]

[Event "Titled Tuesday Blitz October 12 2021"]
[White "Yilmaz, Mustafa"]
[Black "Hansen, Eric"]
[WhiteFideId "6302718"]
[BlackFideId "2606771"]
[WhiteElo "2518"]
[BlackElo "2568"]
[Result "0-1"]
[Round "09"]
[TimeControl "180+1"]
[Date "2021.10.12"]
[WhiteClock "0:00:05"]
[BlackClock "0:00:09"]

1. d4 Nf6 2. c4 e6 3. Nf3 d5 4. Nc3 Be7 5. Bf4 O-O 6. e3 Nbd7 7. c5 Nh5 8. Be2 f5 9. Ne5 Nxf4 10. exf4 Nxe5 11. fxe5 f4 12. O-O Bd7 13. b4 Be8 14. Bg4 Bf7 15. Qf3 Bg5 16. Ne2 Kh8 17. h4 Bh6 18. Qh3 Qe7 19. Kh2 Bg6 20. Bxe6 f3 21. gxf3 Bd3 22. Rfe1 Bd2 23. Rad1 Bxe1 24. Rxd3 Bxf2 25. Bxd5 Rad8 26. Bxb7 Bxd4 27. Nxd4 Rxd4 28. Rxd4 Qxe5+ 29. Qg3 Qxd4 30. Qxc7 Qxh4+ 31. Kg2 Qxb4 32. Qe7 Qb2+ 33. Kg3 Qf6 34. Qxf6 Rxf6 35. c6 Rf7 36. Bc8 Rc7 37. Bd7 Kg8 38. Kf4 Kf7 39. Ke5 Ke7 40. Bf5 Rxc6 41. Bxh7 Rc5+ 42. Kd4 Ra5 43. Bb1 Kf6 44. f4 Ra4+ 45. Ke3 Ke7 46. f5 Kf6 47. Kd2 Ke5 48. Kc3 Rf4 0-1


[Site "https://www.chess.com"]

[Event "Titled Tuesday Blitz October 12 2021"]
[White "Zarnicki, Pablo"]
[Black "Ismagilov, Damir"]
[WhiteFideId "100137"]
[BlackFideId "34199982"]
[WhiteElo "2467"]
[BlackElo "2034"]
[Result "1-0"]
[Round "09"]
[TimeControl "180+1"]
[Date "2021.10.12"]
[WhiteClock "0:00:11"]
[BlackClock "0:00:03"]

1. e4 c5 2. Nf3 Nc6 3. Bb5 e6 4. O-O Nge7 5. c3 a6 6. Be2 d5 7. exd5 Nxd5 8. d4 Be7 9. dxc5 Bxc5 10. c4 Nf6 11. Qxd8+ Nxd8 12. Nc3 O-O 13. a3 Nc6 14. b4 Ba7 15. Bf4 Nd4 16. Bd1 Nxf3+ 17. Bxf3 Bd4 18. Rac1 e5 19. Bg5 Be6 20. c5 Rab8 21. Rfe1 h6 22. Be3 Bxc3 23. Rxc3 Nd5 24. Rd3 Nxe3 25. Rexe3 f6 26. Rd6 Rfe8 27. Rb6 Kf7 28. Bxb7 Red8 29. h3 Rd1+ 30. Kh2 Rd2 31. f3 g5 32. Rc3 h5 33. c6 g4 34. c7 Rg8 35. fxg4 hxg4 36. Rxe6 g3+ 37. Rxg3 Rxg3 38. Kxg3 Kxe6 39. c8=Q+ 1-0


[Site "https://www.chess.com"]

[Event "Titled Tuesday Blitz October 12 2021"]
[White "Zhigalko, Sergei"]
[Black "Djordjevic, Vuk"]
[WhiteFideId "13502956"]
[BlackFideId "902098"]
[WhiteElo "2662"]
[BlackElo "2463"]
[Result "1-0"]
[Round "09"]
[TimeControl "180+1"]
[Date "2021.10.12"]
[WhiteClock "0:00:25"]
[BlackClock "0:00:16"]

1. e4 e6 2. d4 d5 3. e5 c5 4. c3 Nc6 5. Nf3 Qb6 6. a3 Nh6 7. b4 cxd4 8. cxd4 Nf5 9. Be3 Be7 10. Bd3 Nxe3 11. fxe3 f6 12. exf6 gxf6 13. Nc3 O-O 14. O-O a6 15. Kh1 Bd7 16. e4 Nxd4 17. exd5 Nxf3 18. Qxf3 f5 19. Rae1 Bf6 20. Ne2 exd5 21. Nf4 d4 22. Qd5+ Kh8 23. Qxd7 Rad8 24. Qxf5 Rf7 25. Nd5 1-0


[Site "https://www.chess.com"]

[Event "Titled Tuesday Blitz October 12 2021"]
[White "Bluebaum, Matthias"]
[Black "Van Foreest, Jorden"]
[WhiteFideId "24651516"]
[BlackFideId "1039784"]
[WhiteElo "2681"]
[BlackElo "2600"]
[Result "0-1"]
[Round "10"]
[TimeControl "180+1"]
[Date "2021.10.12"]
[WhiteClock "0:00:01"]
[BlackClock "0:00:10"]

1. d4 a6 2. g3 Nf6 3. Bg2 d5 4. Nf3 Bf5 5. c4 c6 6. Nc3 e6 7. Nh4 Bg4 8. h3 Bh5 9. Qb3 Ra7 10. a4 a5 11. O-O Be7 12. cxd5 Nxd5 13. Nf3 O-O 14. e4 Nb4 15. Be3 Ra8 16. Rad1 Nd7 17. d5 exd5 18. exd5 Bg6 19. dxc6 bxc6 20. Nd4 Nc5 21. Qa3 Ncd3 22. Qb3 Rb8 23. Rd2 Bf6 24. Qc4 Ne5 25. Qc5 Ned3 26. Qc4 Ne5 27. Qc5 Nbd3 28. Qa7 Ra8 29. Qb7 Rb8 30. Qa7 Qc8 31. Qxa5 Nc4 32. Qa7 Ra8 33. Nxc6 Rxa7 34. Nxa7 Qa6 35. Re2 Nxe3 36. Nab5 Nxf1 37. Nd5 Qxa4 38. Nbc7 Qd1 39. Bxf1 Nc1 40. Re3 Bd4 41. Ra3 Ne2+ 42. Kg2 Be4+ 43. f3 Bxd5 44. Nxd5 Qd2 45. Ne7+ Kh8 46. h4 Nf4+ 47. Kh1 Qf2 48. Ng6+ fxg6 49. Bg2 Qg1# 0-1


[Site "https://www.chess.com"]

[Event "Titled Tuesday Blitz October 12 2021"]
[White "Bortnyk, Olexandr"]
[Black "Nakamura, Hikaru"]
[WhiteFideId "14120828"]
[BlackFideId "2016192"]
[WhiteElo "2723"]
[BlackElo "2884"]
[Result "0-1"]
[Round "10"]
[TimeControl "180+1"]
[Date "2021.10.12"]
[WhiteClock "0:00:06"]
[BlackClock "0:00:12"]

1. e4 c5 2. c3 d5 3. exd5 Qxd5 4. d4 Nf6 5. Be3 cxd4 6. cxd4 e6 7. Nc3 Qd6 8. Nf3 Be7 9. Bc4 O-O 10. O-O Nc6 11. a3 Rd8 12. Qe2 Bf8 13. Rad1 Nd5 14. Bg5 f6 15. Bc1 b6 16. Rfe1 Nce7 17. Bd3 Bd7 18. Qe4 Ng6 19. h4 f5 20. Qe2 Ndf4 21. Bxf4 Nxf4 22. Qe3 Nxd3 23. Rxd3 Re8 24. Ne5 Rad8 25. h5 Bc8 26. Nb5 Qe7 27. Nc6 Qd7 28. Rc3 a6 29. Nxd8 axb5 30. Nc6 Bd6 31. Ne5 Qd8 32. Rec1 Bb7 33. b4 Qh4 34. h6 Qxh6 35. Qxh6 gxh6 36. Rg3+ Kf8 37. Rh3 Kg7 38. f3 Ra8 39. Rc3 Bd5 40. Kf2 Ra7 41. Rg3+ Kf6 42. Rh3 Bxe5 43. dxe5+ Kxe5 44. Re3+ Kd4 45. f4 Rc7 46. Rd3+ Ke4 47. Rc3 Bc4 48. Rhe3+ Kd4 49. Rc1 Kd5 50. Rd1+ Kc6 51. Rh3 Ra7 52. Rd2 Bd5 53. Rdd3 Bc4 54. Rde3 Kd5 55. Rxh6 Kd4 56. Rh1 Kd5 57. Rd1+ Kc6 58. Rd8 Bd5 59. Rc8+ Kd6 60. Rc1 Rg7 61. Rg1 Rg4 62. g3 h5 63. Rge1 h4 64. gxh4 Rxh4 65. Kg3 Rg4+ 66. Kf2 Rxf4+ 67. Ke2 Rd4 68. Rd1 Rxd1 69. Kxd1 f4 70. Rh3 e5 71. Rh6+ Be6 72. Ke2 e4 73. Rg6 Ke5 74. Kf2 e3+ 75. Kf3 Bd5+ 76. Ke2 Ke4 77. Rg4 Bc4+ 78. Ke1 Kf5 79. Rh4 f3 80. Rh5+ Kg4 81. Rh2 f2+ 82. Rxf2 exf2+ 83. Kxf2 Kf4 84. Ke1 Bb3 85. Kd2 Ba4 86. Kc3 Ke3 0-1


[Site "https://www.chess.com"]

[Event "Titled Tuesday Blitz October 12 2021"]
[White "Costachi, Mihnea"]
[Black "Obregon, Andres Carlos"]
[WhiteFideId "1217518"]
[BlackFideId "111724"]
[WhiteElo "2482"]
[BlackElo "2572"]
[Result "0-1"]
[Round "10"]
[TimeControl "180+1"]
[Date "2021.10.12"]
[WhiteClock "0:00:06"]
[BlackClock "0:00:16"]

1. d4 Nf6 2. c4 g6 3. Nc3 d5 4. Nf3 c6 5. cxd5 cxd5 6. Bf4 Bg7 7. e3 O-O 8. h3 Nc6 9. Bd3 a6 10. O-O b5 11. Rc1 Bb7 12. a4 b4 13. Nb1 Nd7 14. Nbd2 e5 15. dxe5 Ndxe5 16. Nxe5 Nxe5 17. Be2 d4 18. Bxe5 Bxe5 19. Nf3 Bxf3 20. Bxf3 Rb8 21. Rc5 Qf6 22. Rc6 Qg7 23. exd4 Bxd4 24. b3 Rbd8 25. Qe2 a5 26. Qb5 Ra8 27. Rc7 Rab8 28. Qxa5 Qf6 29. Qd5 Rfd8 30. Qe4 Re8 31. Qc6 Qf4 32. Bd5 Bxf2+ 33. Kh1 Rf8 34. Qc4 Qg3 35. Bxf7+ Kh8 36. Qc6 Bd4 37. Re7 Be5 38. Rxe5 Qxe5 39. a5 Rbd8 40. a6 Rd6 41. Qc7 Re6 42. Qxe5+ Rxe5 43. Ra1 Rxf7 44. a7 Rxa7 45. Rxa7 Re3 46. h4 Rxb3 47. Rb7 Kg8 48. Kh2 Rb1 49. Kh3 b3 50. Kg4 h6 51. h5 gxh5+ 52. Kxh5 b2 53. Kg6 Kf8 54. g4 Ke8 55. Rb3 Ke7 56. Rb8 Kd6 57. Rb5 Ke6 58. Rb8 Ke5 59. Rb4 Kd5 60. Rb8 Ke4 61. Rb4+ Kf3 62. Kg7 Kg3 63. Kg6 Kf3 64. Kg7 Ke3 65. Rb5 Kd4 66. Rb4+ Kc3 67. Rb8 Rg1 68. Rc8+ Kb3 69. Rb8+ Ka2 70. Ra8+ Kb1 71. Ra4 h5 72. Kh6 hxg4 73. Rxg4 Rxg4 0-1


[Site "https://www.chess.com"]

[Event "Titled Tuesday Blitz October 12 2021"]
[White "Deac, Bogdan-Daniel"]
[Black "Rasulov, Vugar"]
[WhiteFideId "1226380"]
[BlackFideId "13402390"]
[WhiteElo "2605"]
[BlackElo "2560"]
[Result "1-0"]
[Round "10"]
[TimeControl "180+1"]
[Date "2021.10.12"]
[WhiteClock "0:00:05"]
[BlackClock "0:00:03"]

1. e4 c5 2. Nf3 d6 3. Bb5+ Bd7 4. c4 g6 5. d4 cxd4 6. Nxd4 Bg7 7. Nc3 Nf6 8. f3 O-O 9. Be3 Nc6 10. O-O a6 11. Bxc6 bxc6 12. c5 d5 13. exd5 Nxd5 14. Nxd5 cxd5 15. f4 e5 16. fxe5 Bxe5 17. Qd2 Bb5 18. Rf2 Rc8 19. Nxb5 axb5 20. Bd4 Re8 21. Rd1 Qh4 22. Bxe5 Rxe5 23. b4 Rce8 24. a3 h5 25. Rdf1 R8e7 26. Qd3 Qc4 27. Qf3 Rf5 28. Qg3 Rxf2 29. Qxf2 d4 30. Qf6 Re8 31. Qd6 Qc3 32. h3 Qe3+ 33. Kh2 h4 34. Qd7 Rf8 35. Qd6 Re8 36. Rf3 Qe4 37. Qd7 Qe5+ 38. Kg1 Rf8 39. c6 Qe1+ 40. Rf1 Qe3+ 41. Kh1 Qe2 42. Rf3 Qe1+ 43. Kh2 Qe5+ 44. Kg1 Qe1+ 45. Rf1 Qe3+ 46. Kh1 Qe2 47. Rg1 d3 48. c7 Qc2 49. Rf1 d2 50. Kh2 Qc1 51. Rxf7 Rxf7 52. c8=Q+ Kg7 53. Qd4+ Kh6 54. Qch8+ Kg5 55. Qdxh4+ Kf5 56. Qg4# 1-0


[Site "https://www.chess.com"]

[Event "Titled Tuesday Blitz October 12 2021"]
[White "Djordjevic, Vuk"]
[Black "Silva Lucena, Cristian"]
[WhiteFideId "902098"]
[BlackFideId "2232588"]
[WhiteElo "2463"]
[BlackElo "2223"]
[Result "1-0"]
[Round "10"]
[TimeControl "180+1"]
[Date "2021.10.12"]
[WhiteClock "0:00:38"]
[BlackClock "0:00:09"]

1. d4 Nf6 2. Bg5 e6 3. e4 h6 4. Bxf6 Qxf6 5. c3 d5 6. Bd3 c5 7. Nf3 cxd4 8. Nxd4 Nc6 9. exd5 exd5 10. O-O Be7 11. Nb5 O-O 12. Nc7 Be6 13. Nxa8 Rxa8 14. Qf3 Qxf3 15. gxf3 Ne5 16. Be2 Ng6 17. Re1 Nf4 18. Bf1 Bc5 19. Nd2 Bb6 20. Nb3 g5 21. Nd4 Kg7 22. a4 a6 23. a5 Ba7 24. Ra4 Rc8 25. Rb4 Rc7 26. Rd1 Kf6 27. Ne2 Ng6 28. Ng3 Nh4 29. Be2 Bc5 30. Ra4 Ng6 31. Nh5+ Ke7 32. f4 Nh4 33. Re1 Kd6 34. Nf6 Rc8 35. fxg5 hxg5 36. Rd1 Kc6 37. Bg4 Bxg4 38. Rxg4 Kb5 39. Rxd5 Kc6 40. Rc4 b5 41. Rcxc5+ 1-0


[Site "https://www.chess.com"]

[Event "Titled Tuesday Blitz October 12 2021"]
[White "Gelman, Alexander"]
[Black "Nagy, Gabor"]
[WhiteFideId "4118316"]
[BlackFideId "737119"]
[WhiteElo "2375"]
[BlackElo "2534"]
[Result "0-1"]
[Round "10"]
[TimeControl "180+1"]
[Date "2021.10.12"]
[WhiteClock "0:00:01"]
[BlackClock "0:01:13"]

1. d4 Nf6 2. Nc3 c5 3. d5 d6 4. e4 g6 5. f4 Bg7 6. Nf3 O-O 7. e5 dxe5 8. fxe5 Ng4 9. Bf4 Nd7 10. Qe2 b5 11. h3 b4 12. Na4 Nh6 13. g4 Nb6 14. Nxb6 axb6 15. Qe4 Bb7 16. Rd1 Rxa2 17. Qe3 Rxb2 18. Bxh6 Rxc2 19. Bxg7 Kxg7 20. h4 Rc3 21. Qf4 Bxd5 22. Be2 e6 23. h5 Kg8 24. Rh2 Qe7 25. Kf2 b3 26. Rdh1 Bxf3 27. Bxf3 g5 28. Qe4 f5 29. gxf5 Rxf5 30. Rh3 h6 0-1


[Site "https://www.chess.com"]

[Event "Titled Tuesday Blitz October 12 2021"]
[White "Hansen, Eric"]
[Black "Vokhidov, Shamsiddin"]
[WhiteFideId "2606771"]
[BlackFideId "14204223"]
[WhiteElo "2568"]
[BlackElo "2616"]
[Result "1-0"]
[Round "10"]
[TimeControl "180+1"]
[Date "2021.10.12"]
[WhiteClock "0:00:04"]
[BlackClock "0:00:08"]

1. Nf3 c5 2. g3 g6 3. Bg2 Bg7 4. O-O Nc6 5. c4 Nf6 6. Nc3 d5 7. cxd5 Nxd5 8. Qb3 Nb6 9. d3 O-O 10. Be3 Nd4 11. Bxd4 cxd4 12. Ne4 Be6 13. Qb5 Bd5 14. Rfc1 Bc6 15. Rxc6 bxc6 16. Qxc6 Rc8 17. Qb5 Qd7 18. a4 Rc2 19. Qb3 Rfc8 20. a5 Nd5 21. Bf1 e6 22. Ned2 Rc1 23. Rxc1 Rxc1 24. Kg2 Qc7 25. Nc4 Bf8 26. Nxd4 Bb4 27. e4 Qc5 28. Nc2 Bxa5 29. d4 Qc6 30. exd5 Qxd5+ 31. f3 Bb6 32. Qd3 Qg5 33. N4e3 Rb1 34. Qc3 h5 35. h4 Qf6 36. Bc4 Bc7 37. Ba2 Rc1 38. Qxc7 Kg7 39. Qc3 g5 40. Qd2 1-0


[Site "https://www.chess.com"]

[Event "Titled Tuesday Blitz October 12 2021"]
[White "Holt, Conrad"]
[Black "Weetik, Vjacheslav"]
[WhiteFideId "2034387"]
[BlackFideId "4153472"]
[WhiteElo "2586"]
[BlackElo "2469"]
[Result "1-0"]
[Round "10"]
[TimeControl "180+1"]
[Date "2021.10.12"]
[WhiteClock "0:02:21"]
[BlackClock "0:00:16"]

1. d4 Nf6 2. c4 g6 3. Nc3 Bg7 4. e4 d6 5. Nf3 O-O 6. h3 e5 7. dxe5 dxe5 8. Qxd8 Rxd8 9. Bg5 Re8 10. Nd5 Nxd5 11. cxd5 c6 12. Bc4 b5 13. Bb3 a5 14. a3 Bb7 15. Rc1 Rc8 16. Be3 Nd7 17. dxc6 Rxc6 18. Rxc6 Bxc6 19. Ng5 Rf8 20. Ke2 h6 21. Rc1 Nb8 22. Nxf7 Rxf7 23. Ba7 Bxe4 24. Rc8+ Kh7 25. Bxf7 Nc6 26. Bg8+ 1-0


[Site "https://www.chess.com"]

[Event "Titled Tuesday Blitz October 12 2021"]
[White "Karttunen, Mika"]
[Black "Kozak, Adam"]
[WhiteFideId "502081"]
[BlackFideId "753246"]
[WhiteElo "2343"]
[BlackElo "2448"]
[Result "0-1"]
[Round "10"]
[TimeControl "180+1"]
[Date "2021.10.12"]
[WhiteClock "0:00:05"]
[BlackClock "0:01:43"]

1. e4 Nf6 2. e5 Nd5 3. d4 d6 4. exd6 cxd6 5. c4 Nc7 6. Nc3 g6 7. Be3 Bg7 8. h3 Nd7 9. Nf3 Nf6 10. d5 a6 11. a4 O-O 12. Be2 e5 13. g4 Nd7 14. Ne4 Ne8 15. g5 f5 16. gxf6 Ndxf6 17. Nfd2 Nxe4 18. Nxe4 Nf6 19. Ng5 Qe7 20. Bg4 Re8 21. Be6+ Bxe6 22. Nxe6 Rac8 23. b3 Qf7 24. Rc1 Nh5 25. Qg4 Nf4 26. Kd2 Nxe6 27. dxe6 Rxe6 28. Qe4 Rd8 29. Qd5 Re7 30. Ke2 Bf6 31. Qxf7+ Rxf7 32. Rcd1 Rfd7 33. Rd5 Kf7 34. Rhd1 Ke6 35. Bb6 Rc8 36. c5 Rc6 37. a5 Be7 38. b4 Rc8 39. f3 Rf8 40. R1d3 Rf7 41. Rd1 Bf8 42. R1d3 dxc5 43. Rxd7 Rxd7 44. Rxd7 Kxd7 45. bxc5 Kc6 46. Kd3 Bxc5 47. Bxc5 Kxc5 0-1


[Site "https://www.chess.com"]